 Dungeon Crawl Stone Soup version 0.26.0-10-g1f06aea511 (webtiles) character file.

Game seed: 8539728822216803939

1529 Marvel the Covered (level 8, 0/91 HPs)
             Began as a Demonspawn Abyssal Knight on Jan 14, 2021.
             Was an Elder of Lugonu.
             Slain by an orc priest
             ... wielding a +0 morningstar
              (2 damage)
             ... on level 6 of the Dungeon.
             The game lasted 00:17:36 (6740 turns).

Marvel the Covered (Demonspawn Abyssal Knight)      Turns: 6740, Time: 00:17:36

Health: 0/91       AC: 13    Str: 15    XL:     8   Next: 55%
Magic:  9/9        EV:  2    Int: 13    God:    Lugonu [****..]
Gold:   252        SH:  9    Dex: 13    Spells: 7/7 levels left

rFire    . . .     SeeInvis .   f - +5 dagger (venom)
rCold    + . .     Faith    .   i - +1 kite shield
rNeg     . . .     Spirit   .   c - +0 plate armour
rPois    .         Reflect  .   (helmet restricted)
rElec    .         Harm     .   (no cloak)
rCorr    .         Rampage  .   (no gloves)
Will     +....                  d - +0 pair of boots
Stlth    ..........             (no amulet)
HPRegen  0.25/turn              m - ring of willpower
MPRegen  0.11/turn              v - ring of protection from cold

@: berserking, lethally poisoned (0 -> -14), attractive, flying, very quick
A: horns 2, foul stench 1, miasma immunity
a: Renounce Religion, Depart the Abyss, Bend Space, Banish, Corrupt


You were on level 6 of the Dungeon.
You worshipped Lugonu.
Lugonu was greatly pleased with you.
You visited 1 branch of the dungeon, and saw 6 of its levels.
You visited the Abyss 1 time.

You collected 252 gold pieces.

Inventory:

Hand Weapons
 a - a +1 hand axe
 f - a +5 dagger of venom (weapon)
 k - a +0 war axe
 l - a +1 vampiric dagger
 r - a cursed +0 scythe
Armour
 b - a +0 leather armour
 c - a +0 plate armour (worn)
 d - a +0 pair of boots (worn)
 i - a +1 kite shield (worn)
 y - a +0 ring mail
Jewellery
 m - a ring of willpower (left hand)
 v - a ring of protection from cold (right hand)
Wands
 s - a wand of paralysis (7)
Scrolls
 e - 10 scrolls of identify
 h - a scroll of remove curse
 j - 2 scrolls of fog
 q - a scroll of enchant armour
Potions
 g - 3 potions of curing
 n - a potion of flight


   Skills:
 + Level 4.4 Fighting
 * Level 5.3 Short Blades
 - Level 4.0 Axes
 * Level 6.0 Armour
 - Level 0.8 Dodging
 + Level 2.8 Shields
 - Level 2.4 Invocations


You had 7 spell levels left.
You didn't know any spells.
Your spell library was empty.

Dungeon Overview and Level Annotations

Branches:
Dungeon (6/15)             Temple (0/1) D:5

Altars:
Cheibriados
Fedhas
Vehumet
Wu Jian

Annotations:
D:2 Terence


Innate Abilities, Weirdness & Mutations

You have a pair of horns on your head.
You may emit foul miasma when damaged in melee.
You are immune to miasma.


Message History

You miss something. Something hits you but does no damage.
You are lethally poisoned!
You are too berserk!
You are too berserk!
You puncture something!
* * * LOW HITPOINT WARNING * * *
You feel sick.
You hit something. Something hits you but does no damage.
You are more poisoned.
You closely miss something.
* * * LOW HITPOINT WARNING * * *
You feel sick. Lugonu accepts your kill.
Reactivating autopickup.
You feel a bit more experienced. The orc priest is pulled toward you!
You barely miss the orc priest.
* * * LOW HITPOINT WARNING * * *
You feel sick.
The orc priest hits you with a +0 morningstar.
You die...

#.# ######### #.#
#### .o>oo...# #.#
#... #)# #.# #.##
#.# #.# #.# #.#
#.####.## #.#
#........ #o#
######.## #@#
#......# #.#
#.####### #.# #.#
# #.# #.# ## #.#
#.# #. #.# #.# #.
#.# #.######.
#.########.#......
#..........#.####.


You could see an orc priest.

Vanquished Creatures
  Sigmund (D:2)
  An orc warrior (D:6)
  2 ice beasts (D:6)
  A sky beast (D:6)
  3 ogres
  2 bullfrogs (D:6)
  A howler monkey (D:4)
  2 orc priests
  A hound (D:4)
  4 orc wizards
  4 worker ants
  A hound skeleton (D:4)
  Robin (D:3)
  3 gnolls (D:3)
  4 adders
  A shadow imp (D:5)
  2 white imps
  An ooze (D:3)
  An adder skeleton (D:6)
  10 worms
  6 leopard geckos
  30 orcs
  8 bats
  4 giant cockroaches
  22 goblins
  11 hobgoblins
  4 jackals
  2 quokkas
  7 frilled lizards
  3 kobolds
  7 rats
150 creatures vanquished.

Vanquished Creatures (others)
  A plant (D:4)
1 creature vanquished.

Grand Total: 151 creatures vanquished

Notes
Turn   | Place    | Note
-------+----------+-------------------------------------------
     0 | Abyss:1  | Marvel the Demonspawn Abyssal Knight began the quest for
                  | the Orb.
     0 | Abyss:1  | Reached XP level 1. HP: 18/18 MP: 2/2
    23 | Abyss:1  | Found a corrupted altar of Lugonu.
    59 | D:1      | Escaped the Abyss
   671 | D:1      | Gained mutation: You have a pair of small horns on your
                  | head. [demonic ancestry]
   671 | D:1      | Reached XP level 2. HP: 24/24 MP: 3/3
  1173 | D:2      | Found a radiant altar of Vehumet.
  1208 | D:2      | Reached skill level 2 in Armour
  1208 | D:2      | Reached XP level 3. HP: 29/29 MP: 4/4
  1424 | D:2      | Noticed Terence
  1456 | D:2      | Noticed Sigmund
  1660 | D:1      | Reached ** piety under Lugonu
  1737 | D:2      | Found a snail-covered altar of Cheibriados.
  1831 | D:2      | Gained mutation: You are immune to miasma. [demonic
                  | ancestry]
  1831 | D:2      | Reached XP level 4. HP: 19/35 MP: 5/5
  2302 | D:2      | Killed Sigmund
  2303 | D:2      | Reached skill level 3 in Armour
  2303 | D:2      | Reached skill level 1 in Shields
  2303 | D:2      | Reached XP level 5. HP: 29/42 MP: 6/6
  3074 | D:3      | Gained mutation: You may emit foul miasma when damaged in
                  | melee. [demonic ancestry]
  3074 | D:3      | Reached XP level 6. HP: 45/48 MP: 7/7
  3509 | D:3      | Reached *** piety under Lugonu
  3515 | D:3      | Noticed Robin
  3551 | D:3      | Killed Robin
  3739 | D:3      | Reached skill level 1 in Short Blades
  4220 | D:4      | Reached skill level 4 in Armour
  4625 | D:4      | Gained mutation: You have a pair of horns on your head.
                  | [demonic ancestry]
  4625 | D:4      | Reached XP level 7. HP: 53/53 MP: 8/8
  4780 | D:4      | Reached **** piety under Lugonu
  4985 | D:4      | Found an ornate altar of the Wu Jian Council.
  5033 | D:4      | Found a blossoming altar of Fedhas.
  5130 | D:4      | Found a radiant altar of Vehumet.
  5230 | D:5      | Entered Level 5 of the Dungeon
  5337 | D:5      | Found a staircase to the Ecumenical Temple.
  5538 | D:5      | Reached skill level 5 in Armour
  6136 | D:6      | Reached XP level 8. HP: 60/60 MP: 9/9
  6709 | D:6      | Reached skill level 5 in Short Blades
  6728 | D:6      | HP: 2/61 [poisoned by an orc wizard]
  6735 | D:6      | Reached skill level 6 in Armour
  6737 | D:6      | HP: 3/91 [poisoned by an orc wizard]
  6740 | D:6      | Slain by an orc priest

Illustrated notes

Levels and vault maps discovered:
D:1:      dpeg_arrival_central, layout_loops_ring
D:2:      layout_basic, nicolae_overflow_crystal_walls, lemuel_tele_altar,
          uniq_terence, uniq_sigmund
D:3:      layout_loops_corners, gup_sewer_entry_bubbles,
          kennysheep_generic_room_16, uniq_robin
D:4:      minmay_angry_zag, layout_rooms, kennysheep_mini,
          fedhas_ov_isle_minmay, lemuel_crystal_altar
D:5:      layout_loops_cross, minmay_temple_entry_drinking_statues
D:6:      layout_loops_ring, amethyst_killhole

Skill      XL: |  1  2  3  4  5  6  7  8 |
---------------+-------------------------+-----
Axes           | 2 3 4 |  4.0
Armour         | 2 3 4 5 6 |  6.0
Shields        | 1 2 |  2.8
Short Blades   | 2 4 5 |  5.3
Fighting       | 4 |  4.4
Dodging        | |  0.8
Invocations    | |  2.4

Action                   |  1- 3 |  4- 6 |  7- 9 || total
-------------------------+-------+-------+-------++-------
Melee: Hand axe          |   118 |    21 |       ||   139
       Headbutt          |     6 |    40 |    25 ||    71
       Dagger            |       |   223 |   140 ||   363
Invok: Bend Space        |       |       |     1 ||     1
  Use: Potion            |     3 |       |     4 ||     7
       Scroll            |       |     5 |     6 ||    11
Armor: Leather armour    |    24 |       |       ||    24
       Plate armour      |    45 |   153 |    43 ||   241
Dodge: Dodged            |    28 |     7 |     8 ||    43
Block: Kite shield       |    42 |    64 |    35 ||   141
